 Dungeon Crawl Stone Soup version 0.30-a0-989-g0d87f670db (webtiles) character file.

Game seed: 9998030489034468114

3044 dolemite99 the Cleaver (level 9, -12/70 HPs)
             Began as a Hill Orc Monk on Apr 3, 2023.
             Was a Believer of the Shining One.
             Mangled by a gnoll bouda
             ... wielding a +0 halberd
              (13 damage)
             ... in a bailey.
             The game lasted 00:14:07 (13390 turns).

dolemite99 the Cleaver (Hill Orc Monk)             Turns: 13390, Time: 00:14:08

Health: -12/70     AC: 17    Str: 18    XL:     9   Next: 86%
Magic:  6/9        EV:  2    Int: 10    God:    the Shining One [**....]
Gold:   503        SH:  0    Dex: 19    Spells: 2/8 levels left

rFire   . . .      SeeInvis +    b - +5 flail
rCold   . . .      Faith    .    k - +0 kite shield
rNeg    + . .      Spirit   .    w - +0 plate armour
rPois   .          Reflect  .    v - +1 helmet {SInv}
rElec   .          Rampage  .    (no cloak)
rCorr   .                        f - +2 pair of gloves
Will    .....                    y - +1 pair of boots Stlth
                                 (no amulet)
HPRegen 0.31/turn                e - +6 ring of dexterity
MPRegen 0.11/turn                (no ring)

@: divinely shielded, about to teleport, weakened, held, glowing
A: no striking features
a: Renounce Religion, Divine Shield


You were in a bailey.
You worshipped the Shining One.
The Shining One was pleased with you.
You visited 2 branches of the dungeon, and saw 10 of its levels.
You also visited: Bailey.

You collected 503 gold pieces.

Inventory:

Hand Weapons
 a - a +0 hand axe of protection
 b - a +5 flail (weapon)
 g - a +3 whip of protection
 j - a +0 morningstar
 r - a +0 morningstar
Missiles
 d - 28 poisoned darts (quivered)
 n - 3 javelins
 A - 3 throwing nets
Armour
 f - a +2 pair of gloves (worn)
 k - a +0 kite shield (worn)
 v - a +1 helmet of see invisible (worn)
 w - a +0 plate armour (worn)
 y - a +1 pair of boots (worn)
 z - a +1 pair of gloves
Magical Staves
 o - a staff of poison
 p - a staff of cold
Jewellery
 e - a +6 ring of dexterity (left hand)
 m - a ring of ice
 q - a ring of magical power
Wands
 s - a wand of flame (39)
 B - a wand of polymorph (7)
Scrolls
 l - a scroll of teleportation
 t - a scroll of immolation
 x - a scroll of identify {@r1}
Potions
 c - 2 potions of ambrosia
 h - 4 potions of brilliance
 i - 2 potions of degeneration
 u - 2 potions of mutation {unknown}


   Skills:
 - Level 3.6 Fighting
 - Level 13.1(14.1) Axes
 + Level 7.3(10.2) Maces & Flails
 - Level 2.4 Dodging
 - Level 1.5 Stealth
 - Level 6.6 Shields


You had 2 spell levels left.
You knew the following spells:

 Your Spells              Type           Power      Damage    Failure   Level
a - Mephitic Cloud        Conj/Pois/Air  0%         N/A       100%        3
b - Dazzling Flash        Conj/Hex       0%         N/A       100%        3

Your spell library contained the following spells:

 Spells                   Type           Power      Damage    Failure   Level
 Magic Dart               Conj           0%         1d3       100%        1
 Necrotise                Necr           0%         1d4       100%        1
 Call Imp                 Summ           0%         N/A       100%        2
 Ensorcelled Hibernation  Hex/Ice        0%         N/A       100%        2
 Sublimation of Blood     Necr           0%         N/A       100%        2
 Ozocubu's Armour         Ice            0%         N/A       100%        3
 Spider Form              Tmut/Pois      0%         N/A       100%        3
 Vampiric Draining        Necr           0%         2d6       100%        3
 Anguish                  Hex/Necr       0%         N/A       100%        4
 Leda's Liquefaction      Hex/Erth       0%         N/A       100%        4
 Petrify                  Tmut/Erth      0%         N/A       100%        4
 Agony                    Necr           0%         N/A       100%        5
 Irradiate                Conj/Tmut      0%         3d11      100%        5
 Iskenderun's Battlesphe  Conj           0%         2d6       100%        5
 Lee's Rapid Deconstruct  Erth           0%         3d4*      100%        5
 Silence                  Hex/Air        0%         N/A       100%        5
 Iron Shot                Conj/Erth      0%         9d1       100%        6
 Statue Form              Tmut/Erth      0%         N/A       100%        6
 Ozocubu's Refrigeration  Ice            0%         4d7       100%        7
 Spellforged Servitor     Conj/Summ      0%         N/A       100%        7


Dungeon Overview and Level Annotations

Branches:
Dungeon (9/15)             Temple (1/1) D:4          Bailey (1/1)
   Lair: D:8-11         Orc: D:9-12

Altars:
Ashenzari
Cheibriados
Dithmenos
Elyvilon
Fedhas
Gozag
Hepliaklqana
Kikubaaqudgha
Makhleb
Nemelex Xobeh
Okawaru
Qazlal
Ru
Sif Muna
Trog
Uskayaw
Vehumet
Wu Jian
Xom
Yredelemnul
Zin
The Shining One

Shops:
D:5 :   D:7 [

Annotations:
D:7 1 runed translucent door, epsilonplus's ghost, novice DsWn


Message History

You hear a shout!
There is an open door here.
The gnoll throws a throwing net.
You block the throwing net.
You see here a throwing net.
The gnoll hits you with a +0 halberd. The gnoll sergeant barely misses you.
Okay, then.
Your shield is strengthened by the Shining One's divine power.
The gnoll sergeant hits you with a +0 glaive.
The gnoll bouda barks out a call to the hunt!
The gnolls pick up the pace!
You block the gnoll's attack.
You hit the gnoll sergeant.
The gnoll sergeant is lightly wounded.
The gnoll throws a throwing net.
The throwing net hits you.
You become entangled in the net!
The gnoll hits you with a +0 halberd!
The gnoll bouda gazes fiercely through you!
You feel your attacks grow feeble.
The gnoll bouda hits you but does no damage.
The gnoll sergeant hits you with a +0 glaive.
You struggle against the net.
The gnoll completely misses you. The gnoll hits you with a +0 halberd!
The gnoll bouda hits you from afar with a +0 halberd!
The gnoll sergeant hits you with a +0 glaive!
The gnoll hits you but does no damage.
You struggle against the net.
The gnoll hits you from afar with a +0 spear.
* * * LOW HITPOINT WARNING * * *
The gnoll hits you but does no damage.
The gnoll bouda hits you but does no damage.
The gnoll sergeant hits you with a +0 glaive!
* * * LOW HITPOINT WARNING * * *
The gnoll hits you but does no damage.
As you read the scroll of teleportation, it crumbles to dust.
You feel strangely unstable. The gnoll hits you but does no damage.
The gnoll sergeant hits you with a +0 glaive.
* * * LOW HITPOINT WARNING * * *
The gnoll hits you with a +0 halberd!
* * * LOW HITPOINT WARNING * * *
The gnoll bouda hits you from afar with a +0 halberd!
You die...

♣♣♣♣♣♣ ♣♣♣♣♣♣♣♣ ♣≈≈≈≈≈≈
≈≈≈≈≈≈♣♣
♣♣≈≈...#############...≈≈♣
♣.≈..###.8....g..8.##...≈♣
♣♣.≈..#.#...g@.g.....##..≈♣
♣..≈..#.#.....gg).....#..≈♣
♣..≈..#.#)..#####.....#..≈♣
♣♣..≈..#.'..##...##....#..≈♣
♣♣...≈..######.....###'##..≈♣
♣♣....)).')..#.......#).....≈♣
†)).))..)'...'...8...'......≈♣
♣♣.......'...#.......#......≈♣
♣♣...≈..######.....###g##..≈♣


You could see a gnoll sergeant (swift), a gnoll bouda and 3 gnolls.

Vanquished Creatures
  A water moccasin (D:8)
  A sky beast (D:8)
  2 ice beasts
  An ogre (D:4)
  A wolf (Bailey)
  2 centaurs (D:8)
  2 phantoms
  A kobold brigand (D:8)
  A bullfrog (D:7)
  2 scorpions
  5 gnoll sergeants (Bailey)
  5 wights
  5 jellies
  6 hounds
  5 orc priests
  4 gnoll boudas
  A sleepcap (D:7)
  13 orc wizards
  10 adders
  18 gnolls
  2 white imps (D:6)
  An ufetubus (D:5)
  3 dart slugs
  27 orcs
  5 ball pythons
  5 bats
  7 endoplasms
  3 giant cockroaches
  15 goblins
  6 hobgoblins
  3 jackals (D:3)
  4 frilled lizards
  9 kobolds
  6 rats
182 creatures vanquished.

Vanquished Creatures (others)
  An iguana (D:4)
1 creature vanquished.

Grand Total: 183 creatures vanquished

Notes
Turn   | Place    | Note
-------+----------+-------------------------------------------
     0 | D:1      | dolemite99 the Hill Orc Monk began the quest for the Orb.
     0 | D:1      | Reached XP level 1. HP: 19/19 MP: 1/1
   120 | D:1      | Reached XP level 2. HP: 23/26 MP: 2/2
   180 | D:1      | Reached skill level 5 in Axes
   719 | D:1      | Reached XP level 3. HP: 31/31 MP: 3/3
  1549 | D:2      | Reached skill level 6 in Axes
  2157 | D:3      | Reached XP level 4. HP: 39/39 MP: 4/4
  2895 | D:3      | Reached skill level 7 in Axes
  3123 | D:3      | Reached XP level 5. HP: 45/45 MP: 5/5
  3966 | D:4      | Reached skill level 8 in Axes
  4169 | D:4      | Reached XP level 6. HP: 39/51 MP: 6/6
  4323 | D:4      | Reached skill level 9 in Axes
  4873 | D:4      | Reached skill level 10 in Axes
  5312 | D:4      | Found a staircase to the Ecumenical Temple.
  5322 | Temple   | Entered the Ecumenical Temple
  5539 | Temple   | Became a worshipper of the Shining One
  5539 | Temple   | Reached * piety under the Shining One
  5539 | Temple   | Reached ** piety under the Shining One
  5690 | D:5      | Entered Level 5 of the Dungeon
  5719 | D:5      | Reached XP level 7. HP: 47/57 MP: 7/7
  6000 | D:5      | Reached skill level 11 in Axes
  6253 | D:5      | You fall into a shaft and drop 3 floors!
  6356 | D:8      | Reached skill level 12 in Axes
  6356 | D:8      | Reached XP level 8. HP: 24/64 MP: 8/8
  7359 | D:7      | Found Boiduin's Antique Armour Emporium.
  7739 | D:6      | Reached skill level 13 in Axes
  7923 | D:6      | Identified the +2 robe of the Thunderstorm {Harm MP-9 Str+4
                  | Archmagi}
  7948 | D:6      | Reached skill level 1 in Shields
  8925 | D:5      | Found Ynesmace's Book Shop.
  9566 | D:6      | Found a shimmering blue altar of Sif Muna.
  9566 | D:6      | Found a radiant altar of Vehumet.
  9571 | D:6      | Found a broken altar of Ashenzari.
  9573 | D:6      | Found a white marble altar of Elyvilon.
  9574 | D:6      | Found a hazy altar of Hepliaklqana.
  9822 | D:6      | Learned a level 3 spell: Mephitic Cloud
  9826 | D:6      | Learned a level 3 spell: Dazzling Flash
  9878 | D:7      | Reached skill level 5 in Shields
 10152 | D:7      | Reached XP level 9. HP: 44/70 MP: 9/9
 10685 | D:7      | Found a runed translucent door.
 11085 | D:6      | Reached skill level 1 in Maces & Flails
 11426 | D:7      | Noticed epsilonplus's ghost (novice DsWn)
 12112 | D:9      | Found an ornate altar of the Wu Jian Council.
 12118 | D:9      | Found a flagged portal.
 12127 | Bailey   | Entered a bailey
 12138 | Bailey   | Reached skill level 5 in Maces & Flails
 13390 | Bailey   | HP: 1/70 [gnoll/+0 halberd (8)]
 13390 | Bailey   | Mangled by a gnoll bouda

Illustrated notes

Levels and vault maps discovered:
D:1:      pf_arrival_petrified_forest, layout_basic
D:2:      layout_basic
D:3:      layout_loops_ring, chequers_serial_rivers_large_a,
          chequers_hall_statues_y, chequers_mini_garden,
          minmay_fractal_squares_gapless_5
D:4:      layout_loops_ring, lemuel_temple_firewalk_b, minmay_ogre_servants
D:5:      layout_loops_ring, serial_shops, shop
D:6:      layout_gridville, grunt_temple_overflow_open
D:7:      layout_rooms, serial_shops, shop, ebering_ghost_reflecting_pool
D:8:      layout_rooms, serial_co_window_serial, co_window_paths_a,
          co_window_paths_a, co_window_cross_1, co_window_of_opportunity_a,
          co_window_corner_a, co_window_broadway_b, co_window_of_opportunity_b,
          co_window_corner_b, co_window_corner_b, glass_columns_c
D:9:      layout_basic, mainiacjoe_overflow_catwalk, david_orc_3,
          enter_bailey_2, minmay_checkerbox
Temple:   nicolae_temple_slightly_damp_pantheon
Bailey:   bailey_polearm_gnolls_kennysheep, bailey

Skill      XL: |  1  2  3  4  5  6  7  8  9 |
---------------+----------------------------+-----
Axes           | 5 6 7 8 10 12 13 | 13.1
Shields        | 5 6 |  6.6
Maces & Flails | 7 |  7.3
Fighting       | |  3.6
Dodging        | |  2.4
Stealth        | |  1.5

Action                     |  1- 3 |  4- 6 |  7- 9 || total
---------------------------+-------+-------+-------++-------
  Melee: Hand axe          |   111 |   214 |   295 ||   620
         Flail             |       |       |    97 ||    97
  Throw: Javelin           |     2 |    12 |       ||    14
         Dart              |       |    12 |    44 ||    56
 Invoke: Divine Shield     |       |       |     5 ||     5
  Evoke: Wand              |       |       |    11 ||    11
    Use: Scroll            |     3 |     6 |    10 ||    19
         Potion            |       |     1 |    13 ||    14
   Stab: Sleeping          |     4 |       |       ||     4
 Armour: Robe              |    14 |       |       ||    14
         Chain mail        |     6 |   152 |    32 ||   190
         Plate armour      |       |       |   222 ||   222
         Skin              |       |       |    14 ||    14
  Dodge: Dodged            |    56 |    49 |    55 ||   160
  Block: Kite shield       |       |    46 |   206 ||   252

Table legend: (Time is in decaauts)
 A = Elapsed time spent in this place.
 B = Non-inter-level travel time spent in this place.
 C = Inter-level travel time spent in this place.
 D = Time resting spent in this place.
 E = Time spent auto-exploring this place.
 F = Levels seen in this place.
 G = Mean time per level.
                   A        B        C        D        E       F      G
               +--------+--------+--------+--------+--------+-----+--------+
         Total |  13422 |  13082 |    340 |   5876 |   4730 |  11 | 1220.2 |
       Dungeon |  11927 |  11596 |    331 |   5030 |   4468 |   9 | 1325.2 |
        Temple |    227 |    218 |      9 |      0 |    149 |   1 |  227.0 |
        Bailey |   1268 |   1268 |      0 |    846 |    113 |   1 | 1268.0 |
               +--------+--------+--------+--------+--------+-----+--------+

Top non-repeatable levels by time:
     D:6: 2200 daAuts
     D:4: 1983 daAuts
     D:8: 1737 daAuts
     D:3: 1367 daAuts
  Bailey: 1268 daAuts
     D:5: 1248 daAuts
     D:7: 1192 daAuts
     D:2: 1079 daAuts
     D:1: 1077 daAuts
  Temple: 227 daAuts
     D:9: 39 daAuts
